 Dungeon Crawl Stone Soup version 0.19-a0-1153-g63c3caf (webtiles) character file.

66946 PurpleRed the Severer (level 15, -7/127 HPs)
             Began as a Human Berserker on Aug 13, 2016.
             Was a High Priest of Trog.
             Mangled by a spiny frog (15 damage)
             ... on level 4 of the Swamp.
             The game lasted 01:57:01 (10113 turns).

PurpleRed the Severer (Human Berserker)            Turns: 10113, Time: 01:57:01

Health: -7/127     AC: 25    Str: 21    XL:     15   Next: 64%
Magic:  15/15      EV: 12    Int: 12    God:    Trog [*****.]
Gold:   697        SH:  0    Dex: 26    Spells: 0 memorised, 14 levels left

rFire  . . .     SeeInvis +     a - +5 battleaxe (drain)
rCold  . . .     Gourm    .     E - +1 plate armour "Hoipsoca" {rElec Regen+ Dex+3}
rNeg   + . .     Faith    .     (shield currently unavailable)
rPois  .         Spirit   .     r - +1 helmet {SInv}
rElec  +         Dismiss  .     J - +0 cloak
rCorr  +         Reflect  .     I - +1 pair of gloves
MR     +++++     Harm     .     f - +1 pair of boots
Stlth  .......... Clarity  +    z - amulet of the Four Winds {rN+ MR+++ Clar}
                                m - ring of resist corrosion
                                i - ring "Mezeanun" {MR- AC+1 Int+4 Dex+3}

@: agile, about to teleport, grasped by roots, very slightly contaminated,
regenerating, invisible, very slow
A: no striking features
a: Berserk, Trog's Hand, Brothers in Arms, Burn Spellbooks, Renounce Religion


You were on level 4 of the Swamp.
You worshipped Trog.
Trog was extremely pleased with you.
You were hungry.

You visited 5 branches of the dungeon, and saw 27 of its levels.
You also visited: Labyrinth and Bailey.

You collected 2139 gold pieces.
You spent 1442 gold pieces at shops.

Inventory:

Hand Weapons
 a - a +5 battleaxe of draining (weapon)
 y - the +7 great mace "Firestarter" {inner flame, rF++}
   (You found it on level 2 of the Swamp)

   It has been specially enchanted to burn those struck by it, causing extra
   injury to most foes and up to half again as much damage against particularly
   susceptible opponents.
   It greatly protects you from fire.
 O - the +10 glaive of Pain and Death {chop, rElec rF+ Dex-3}
   (Trog gifted it to you on level 12 of the Dungeon)

   It inflicts extra damage upon your enemies.
   It affects your dexterity (-3).
   It protects you from fire.
   It insulates you from electricity.
 W - the +10 shortbow of Reason {freeze, Str+3}
   (You found it on level 10 of the Dungeon)

   It causes projectiles fired from it to freeze those they strike, causing
   extra injury to most foes and up to half again as much damage against
   particularly susceptible opponents.
   They can also slow down cold-blooded creatures.
   It affects your strength (+3).
Missiles
 L - 52 arrows
 M - 4 throwing nets (quivered)
Armour
 f - a +1 pair of boots (worn)
 r - a +1 helmet of see invisible (worn)
 E - the +1 plate armour "Hoipsoca" (worn) {rElec Regen+ Dex+3}
   (You found it on level 8 of the Dungeon)

   It affects your dexterity (+3).
   It insulates you from electricity.
   It increases your rate of regeneration.
 I - a +1 pair of gloves (worn)
 J - a +0 cloak (worn)
 P - a troll hide
 X - a +0 plate armour of fire resistance
Jewellery
 i - the ring "Mezeanun" (left hand) {MR- AC+1 Int+4 Dex+3}
   (You found it on level 5 of the Dungeon)

   [ring of protection]

   It affects your AC (+1).
   It affects your intelligence (+4).
   It affects your dexterity (+3).
   It affects your resistance to hostile enchantments.
 m - a ring of resist corrosion (right hand)
 v - an uncursed ring of ice
 z - the amulet of the Four Winds (around neck) {rN+ MR+++ Clar}
   (You found it on level 11 of the Dungeon)

   [amulet of nothing]

   It protects you from negative energy.
   It affects your resistance to hostile enchantments.
   It protects you against confusion.
 D - an uncursed amulet of the gourmand
 F - a +3 amulet of reflection
Wands
 q - a wand of disintegration (23/24)
 K - a wand of paralysis (10/24)
 Z - a wand of teleportation (3/9)
Scrolls
 b - 2 scrolls of summoning
 d - a scroll of magic mapping
 g - 7 scrolls of remove curse
 n - 4 scrolls of enchant weapon
 s - 2 scrolls of fog
 A - a scroll of identify
 H - a scroll of recharging
 R - a scroll of holy word
Potions
 e - a potion of magic
 k - a potion of cancellation
 o - 3 potions of flight
 p - 2 potions of curing
 t - a potion of resistance
 x - 3 potions of brilliance
 B - 4 potions of might
 C - 4 potions of haste
 G - a potion of agility
 Q - 2 potions of ambrosia
Books
 S - a book of Power

   Spells                             Type                      Level
   a - Fulminant Prism                Conjuration/Hexes            4
   b - Iskenderun's Mystic Blast      Conjuration                  4
   c - Venom Bolt                     Conjuration/Poison           5
   d - Bolt of Magma                  Conjuration/Fire/Earth       5
   e - Iron Shot                      Conjuration/Earth            6
   f - Orb of Destruction             Conjuration                  7
   g - Spellforged Servitor           Conjuration/Summoning        7
   Trog disapproves of the use of such an item.
 T - a book of Ice

   Spells                             Type                      Level
   a - Ice Form                       Ice/Transmutation            4
   b - Metabolic Englaciation         Hexes/Ice                    5
   c - Ozocubu's Refrigeration        Ice                          6
   d - Bolt of Cold                   Conjuration/Ice              6
   e - Freezing Cloud                 Conjuration/Ice/Air          6
   f - Simulacrum                     Ice/Necromancy               6
   Trog disapproves of the use of such an item.
 U - a book of Changes

   Spells                             Type                      Level
   a - Beastly Appendage              Transmutation                1
   b - Sticks to Snakes               Transmutation                2
   c - Spider Form                    Transmutation/Poison         3
   d - Ice Form                       Ice/Transmutation            4
   e - Blade Hands                    Transmutation                5
   Trog disapproves of the use of such an item.
 V - a Fen Folio

   Spells                             Type                      Level
   a - Corpse Rot                     Necromancy                   2
   b - Stone Arrow                    Conjuration/Earth            3
   c - Leda's Liquefaction            Hexes/Earth                  4
   d - Summon Forest                  Summoning/Translocation      5
   e - Hydra Form                     Transmutation                6
   f - Summon Hydra                   Summoning                    7
   Trog disapproves of the use of such an item.
Miscellaneous
 w - a phial of floods (inert)
Comestibles
 c - 12 bread rations
 h - 7 meat rations
 j - 6 chunks of flesh
 Y - 13 fruits


   Skills:
 + Level 14.6 Fighting
 * Level 16.8 Axes
 - Level 10.6 Armour
 + Level 7.4 Dodging


You had 14 spell levels left.
You didn't know any spells.

Dungeon Overview and Level Annotations

Branches:
Dungeon (14/15)            Temple (1/1) D:7            Lair (6/6) D:9
  Swamp (4/4) Lair:3        Snake (0/4) Lair:3        Slime (0/5) Lair:6
    Orc (2/2) D:12            Elf (0/3) Orc:2        Vaults (0/5) D:13

Altars:
Ashenzari
Cheibriados
Dithmenos
Gozag
Hepliaklqana
Kikubaaqudgha
Makhleb
Okawaru
Qazlal
Sif Muna
Trog
Uskayaw
Vehumet
Xom
Yredelemnul
Zin
The Shining One
Beogh

Shops:
D:7 [   D:13 ?   Orc:1 !}   Orc:2 !?**

Annotations:
Swamp:3 Lasiace's ghost, adept TeAE


Message History

The swamp dragon bites you.
* * * LOW HITPOINT WARNING * * *
The swamp dragon claws you but does no damage.
The swamp dragon barely misses you.
You feel agile all of a sudden.
You are feeling hungry.
The seven-headed hydra bites you.
* * * LOW HITPOINT WARNING * * *
The seven-headed hydra bites you but does no damage.
The seven-headed hydra closely misses you.
The seven-headed hydra bites you but does no damage.
The seven-headed hydra bites you!
* * * LOW HITPOINT WARNING * * *
The seven-headed hydra barely misses you.
The seven-headed hydra bites you but does no damage.
The swamp dragon bites you but does no damage.
The swamp dragon claws you.
* * * LOW HITPOINT WARNING * * *
The swamp dragon barely misses you. The spiny frog stings you!
You die...

≈≈≈≈≈≈≈..... ♣♣.§≈D.♣♣≈≈
♣♣♣♣§
../≈≈≈≈.≈≈≈.♣♣♣.§D≈♣♣ ♣
♣$
♣≈.≈≈...≈≈≈.≈♣..≈♣♣♣#####
♣≈ ♣..?♣♣.≈≈≈≈.≈.≈≈♣
##.%%## #≈
♣♣...≈.≈..≈≈≈≈≈≈♣
#≈.≈..♣# #≈
♣♣.≈≈≈.≈≈..≈≈.≈≈≈♣
♣≈≈≈.≈.# #≈
♣§≈≈≈≈≈≈≈≈≈≈≈.≈≈≈♣
#≈≈≈E≈#
♣≈...≈≈≈§≈≈fD♣♣≈§♣♣


#DDD# ♣♣♣♣♣...≈≈≈≈D@♣♣♣.♣ #D≈# ♣..≈≈≈≈≈wF♣§§♣♣ ♣iD# ♣.≈≈≈§≈≈≈.♣♣D♣ #≈≈.#
♣≈≈≈≈≈≈..♣♣§§♣♣#)≈## ≈≈≈≈.≈≈≈...§D§♣#≈. ♣♣♣♣≈.≈≈≈≈≈≈§§♣♣#♣. ≈...≈≈≈≈≈)≈♣♣ ##
♣≈..§≈≈≈≈≈≈.♣ ♣≈.≈.≈D.≈♣≈ You could see a shambling mangrove, a seven-headed
hydra, a swamp dragon, a giant leech and a spiny frog.

Vanquished Creatures
  A minotaur (Lab)
  2 ghost crabs (Swamp:2)
  Harold (D:12)
  5 hydras
  2 ogre magi (Orc:2)
  Erica (D:10)
  2 dancing weapons (D:13)
  An orc high priest (Orc:2)
  Urug (D:12)
  2 deep trolls (Orc:2)
  5 hill giants
  A shambling mangrove (Swamp:2)
  A swamp dragon (Swamp:3)
  A deep elf mage (D:13)
  2 orc knights
  Pikel (D:5)
  An ugly thing (D:12)
  3 cyclopes
  2 manticores
  A hornet (Swamp:3)
  3 gargoyles (Lab)
  2 rime drakes
  6 spiny frogs
  A komodo dragon (Lair:6)
  A kobold demonologist (D:11)
  13 trolls
  A tengu conjurer (D:12)
  A giant leech (Swamp:3)
  A blink frog (Lair:1)
  8 two-headed ogres
  Grinder (D:6)
  A merfolk (D:10)
  6 slime creatures (D:12)
  A bog body (Swamp:2)
  Sigmund (D:5)
  2 redbacks (Lab)
  2 spriggans (Swamp:2)
  13 yaks
  4 wyverns
  3 hogs (D:10)
  5 hippogriffs
  A hungry ghost (D:10)
  6 basilisks
  A warg (Orc:2)
  3 vampire mosquitoes (D:12)
  A mottled dragon (D:11)
  Menkaure (D:6)
  5 swamp worms (Swamp:2)
  A soldier ant (D:10)
  11 insubstantial wisps
  A naga (Lair:3)
  3 water moccasins
  10 black bears (D:10)
  5 ice beasts
  24 orc warriors
  4 sky beasts
  An eye of draining (D:9)
  6 wasps
  25 ogres
  6 centaurs
  A necrophage (D:9)
  11 wolves
  4 crocodiles
  23 big kobolds
  Blork the orc (D:6)
  9 giant frogs
  A gnoll sergeant (D:9)
  6 scorpions
  10 killer bees
  8 electric eels (D:10)
  7 crimson imps
  7 howler monkeys
  3 giant frog zombies
  A centaur zombie (D:5)
  A quasit (D:11)
  A wasp zombie (D:6)
  14 orc priests
  5 gnoll shamans (D:10)
  9 jellies
  21 orc wizards
  A giant frog skeleton (D:10)
  5 hounds
  3 centaur skeletons
  10 iguanas
  8 worker ants
  A killer bee zombie (D:9)
  9 sheep
  5 hound zombies
  3 hound skeletons
  5 gnolls (D:9)
  7 adders
  13 river rats
  2 shadow imps
  3 oozes (Lair:6)
  2 adder zombies
  An adder skeleton (D:5)
  95 orcs
  3 giant cockroaches
  4 hobgoblins
  9 jackals
  A quokka (D:10)
  2 ball pythons
  11 bats
  A giant gecko skeleton (D:7)
  A giant newt (D:3)
  5 goblins
  A jackal skeleton (D:6)
  14 kobolds
  A quokka skeleton (D:4)
  7 rats
  2 fungi
  7 plants
612 creatures vanquished.

Vanquished Creatures (collateral kills)
  Nessos (Orc:2)
  A swamp dragon (Swamp:4)
  A cyclops (Orc:2)
  2 trolls (Orc:2)
  A bog body (Swamp:4)
  A shadow (D:12)
  An orc warrior (Orc:2)
  4 ogres (Orc:2)
  A wyvern skeleton (D:12)
  An orc priest (D:12)
  5 orcs
19 creatures vanquished.

Vanquished Creatures (others)
  A swamp drake (Swamp:4)
  A giant gecko (D:5)
  A fungus (Lair:5)
  5 plants (D:10)
8 creatures vanquished.

Grand Total: 639 creatures vanquished

Notes
Turn   | Place    | Note
-------+----------+-------------------------------------------
     0 | D:1      | PurpleRed the Human Berserker began the quest for the Orb.
     0 | D:1      | Reached XP level 1. HP: 18/18 MP: 1/1
   107 | D:2      | Reached XP level 2. HP: 14/24 MP: 2/2
   126 | D:2      | Found a shadowy altar of Dithmenos.
   216 | D:4      | Reached XP level 3. HP: 28/29 MP: 3/3
   302 | D:4      | Reached skill level 4 in Axes
   302 | D:4      | Reached XP level 4. HP: 24/36 MP: 4/4
   305 | D:4      | Reached XP level 5. HP: 29/42 MP: 5/5
   361 | D:5      | Entered Level 5 of the Dungeon
   457 | D:4      | Reached skill level 5 in Axes
   457 | D:4      | Reached XP level 6. HP: 28/48 MP: 6/6
   500 | D:3      | Noticed an ogre
   516 | D:3      | Killed an ogre
   590 | D:4      | Reached ** piety under Trog
   640 | D:5      | Noticed Sigmund
   652 | D:5      | Killed Sigmund
   652 | D:5      | Reached skill level 6 in Axes
   652 | D:5      | Reached XP level 7. HP: 55/55 MP: 7/7
   655 | D:5      | Noticed Pikel
   781 | D:5      | Killed Pikel
   781 | D:5      | Reached skill level 5 in Fighting
   781 | D:5      | Reached skill level 7 in Axes
   781 | D:5      | Reached XP level 8. HP: 63/63 MP: 8/8
   899 | D:5      | Got a brightly glowing amber ring
   906 | D:5      | Identified the ring "Mezeanun" {MR- AC+1 Int+4 Dex+3} (You found it on level 5 of the Dungeon)
   951 | D:5      | Found a shattered altar of Ashenzari.
   971 | D:5      | Reached skill level 5 in Armour
   997 | D:5      | Found a radiant altar of Vehumet.
  1000 | D:5      | Found an opulent altar of Gozag.
  1000 | D:5      | Found a bloodstained altar of Trog.
  1462 | D:6      | Noticed Blork the orc
  1467 | D:6      | Reached skill level 8 in Axes
  1467 | D:6      | Reached XP level 9. HP: 69/69 MP: 9/9
  1472 | D:6      | Killed Blork the orc
  1534 | D:6      | Noticed Menkaure
  1540 | D:6      | Killed Menkaure
  1702 | D:6      | Noticed Grinder
  1714 | D:6      | Killed Grinder
  1714 | D:6      | Reached skill level 9 in Axes
  1840 | D:7      | Noticed a hill giant
  1858 | D:7      | Killed a hill giant
  1858 | D:7      | Reached skill level 10 in Axes
  1858 | D:7      | Reached XP level 10. HP: 73/79 MP: 10/10
  1883 | D:7      | Found a flagged portal.
  1898 | D:7      | Reached *** piety under Trog
  1913 | Bailey   | Entered a bailey
  2083 | Bailey   | Noticed an orc knight
  2083 | Bailey   | Noticed an orc knight
  2123 | Bailey   | Noticed an orc knight
  2155 | Bailey   | Killed an orc knight
  2170 | Bailey   | Noticed an orc knight
  2347 | D:8      | Found a shimmering altar of Xom.
  2349 | D:8      | Found a shimmering altar of Xom.
  2364 | D:8      | Got a jet-encrusted plate armour
  2380 | D:7      | Identified the +1 plate armour "Hoipsoca" {rElec Regen+ Dex+3} (You found it on level 8 of the Dungeon)
  2508 | D:6      | Found a runed door.
  2518 | D:6      | Found a basalt altar of Yredelemnul.
  2650 | D:7      | Found a snail-covered altar of Cheibriados.
  2796 | D:7      | Found a staircase to the Ecumenical Temple.
  2797 | D:7      | Found Giraes's Armour Shop.
  2804 | D:7      | Bought a +0 pair of gloves for 58 gold pieces
  2804 | D:7      | Bought a +0 cloak for 58 gold pieces
  2818 | Temple   | Entered the Ecumenical Temple
  2937 | D:8      | Found a shimmering altar of Xom.
  3066 | D:8      | Found a shimmering altar of Xom.
  3066 | D:8      | Noticed a cyclops
  3090 | D:9      | Reached skill level 11 in Axes
  3098 | D:9      | Reached **** piety under Trog
  3403 | D:8      | Noticed a hill giant
  3407 | D:8      | Noticed a komodo dragon
  3407 | D:8      | an eye of draining changed into a komodo dragon
  3518 | D:9      | Reached XP level 11. HP: 87/87 MP: 11/11
  3623 | D:9      | Found a staircase to the Lair.
  3653 | Lair:1   | Entered Level 1 of the Lair of Beasts
  3822 | D:9      | Found a hide-covered altar of Uskayaw.
  3872 | D:10     | Entered Level 10 of the Dungeon
  3885 | D:10     | Reached skill level 12 in Axes
  3887 | D:10     | Reached ***** piety under Trog
  3902 | D:10     | Received a gift from Trog
  4438 | D:11     | Noticed a manticore
  4452 | D:11     | Killed a manticore
  4489 | D:10     | Got a dazzling glaive
  4563 | D:10     | Noticed Erica
  4578 | D:10     | Killed Erica
  4578 | D:10     | Reached XP level 12. HP: 97/97 MP: 12/12
  4647 | D:10     | Reached skill level 13 in Axes
  4674 | D:10     | Got a fine shortbow
  4751 | D:10     | Reached skill level 10 in Fighting
  4960 | D:10     | Found a hazy altar of Hepliaklqana.
  5499 | D:12     | Received a gift from Trog
  5514 | D:12     | Reached skill level 10 in Armour
  5515 | D:12     | Reached skill level 14 in Axes
  5534 | D:12     | Got an ancient glaive {god gift}
  5558 | D:11     | Identified the +10 glaive of Pain and Death {chop, rElec rF+ Dex-3} (Trog gifted it to you on level 12 of the Dungeon)
  5559 | D:11     | Identified the +0 glaive of Makhleb's Esteem {chop, Int+3 Dex+3} (You found it on level 10 of the Dungeon)
  5560 | D:11     | Identified the +10 shortbow of Reason {freeze, Str+3} (You found it on level 10 of the Dungeon)
  5567 | D:11     | Reached XP level 13. HP: 88/111 MP: 13/13
  5717 | D:12     | Found an iron altar of Okawaru.
  5718 | D:12     | Noticed Urug
  5735 | D:12     | Noticed Harold
  6006 | D:11     | Reached XP level 14. HP: 118/118 MP: 14/14
  6314 | D:12     | Killed Urug
  6320 | D:12     | Killed Harold
  6444 | D:12     | Got a faintly glowing hand axe
  6470 | D:12     | Identified the +5 hand axe "Layntuche" {chop, MP+9} (You found it on level 12 of the Dungeon)
  6544 | D:13     | Found a gate to the Vaults.
  6639 | D:13     | Found Nuttouha's Magic Scroll Shoppe.
  6646 | D:13     | Bought a scroll of magic mapping for 59 gold pieces
  6646 | D:13     | Bought a scroll of magic mapping for 59 gold pieces
  6655 | D:13     | Bought a scroll of identify for 34 gold pieces
  6655 | D:13     | Bought a scroll of identify for 34 gold pieces
  6655 | D:13     | Bought a scroll of identify for 34 gold pieces
  6658 | D:13     | Bought a scroll of identify for 34 gold pieces
  6659 | D:13     | Bought a scroll of brand weapon for 340 gold pieces
  6749 | D:12     | Found a staircase to the Orcish Mines.
  6762 | Orc:1    | Entered Level 1 of the Orcish Mines
  6812 | Orc:1    | Found Jeotiam's Gadget Shoppe.
  6827 | Orc:1    | Found Oddyatiz's Distillery.
  6983 | Orc:2    | Entered Level 2 of the Orcish Mines
  6983 | Orc:2    | Found a roughly hewn altar of Beogh.
  6983 | Orc:2    | Found a staircase to the Elven Halls.
  7062 | Orc:2    | Reached skill level 15 in Axes
  7112 | Orc:2    | Reached ****** piety under Trog
  7115 | Orc:2    | Received a gift from Trog
  7143 | Orc:2    | Found Tydiv's General Store.
  7144 | Orc:2    | Found Kyank's Distillery.
  7270 | Orc:2    | Found Koviecum's General Store.
  7279 | Orc:2    | Found Aguufed's Magic Scroll Shoppe.
  7341 | Orc:2    | Reached skill level 5 in Dodging
  7352 | Orc:2    | Bought a scroll of identify for 22 gold pieces
  7366 | Orc:2    | Bought a scroll of enchant weapon for 82 gold pieces
  7366 | Orc:2    | Bought a scroll of teleportation for 33 gold pieces
  7366 | Orc:2    | Bought a scroll of teleportation for 33 gold pieces
  7366 | Orc:2    | Bought a scroll of enchant weapon for 82 gold pieces
  7382 | Orc:2    | Bought a phial of floods for 480 gold pieces
  7501 | Orc:2    | Noticed Nessos
  7513 | Orc:2    | Killed Nessos
  8136 | Lair:3   | Found a staircase to the Swamp.
  8181 | Lair:3   | Found a staircase to the Snake Pit.
  8279 | Lair:4   | Found a labyrinth entrance.
  8299 | Lab      | Entered a labyrinth
  8489 | Lab      | Reached XP level 15. HP: 112/126 MP: 15/15
  8847 | Lab      | Received a gift from Trog
  8847 | Lab      | Reached skill level 16 in Axes
  8857 | Lab      | Got a bloodstained leather armour
  8892 | Lair:4   | Identified the +2 leather armour "Ritado" {rC+ rCorr} (You found it in a labyrinth)
  9195 | Lair:6   | Entered Level 6 of the Lair of Beasts
  9226 | Lair:6   | Found a staircase to the Slime Pits.
  9363 | Swamp:1  | Entered Level 1 of the Swamp
  9408 | Swamp:2  | HP: 8/190 [17-headed hydra (6)]
 10068 | Swamp:3  | Noticed Lasiace's ghost (adept TeAE)
 10070 | Swamp:4  | Entered Level 4 of the Swamp
 10113 | Swamp:4  | Mangled by a spiny frog

Vault maps used:
D:1:      minmay_arrival_four_circles
D:2:      nicolae_dithmenos_shadow_blocks, first_bread
D:3:      minmay_roachtagon
D:5:      grunt_temple_overflow_open, kennysheep_windowed_goal, uniq_pikel,
          uniq_sigmund
D:6:      dk_yredelemnul_ordeal, uniq_menkaure, uniq_grinder, uniq_blork_the_orc
D:7:      nicolae_overflow_hidden_temple, serial_shops, nicolae_shop_crystal,
          enter_bailey_3
D:8:      xom_shifter_show
D:9:      eat_drink_and_be_merry_uskayaw, grunt_lair_entry_orc_guard_hut
D:10:     kennysheep_town, uniq_erica
D:12:     hiddenorc1_lemuel, grunt_tengu_nest, okawaru_ov_weapons_minmay,
          uniq_urug, uniq_harold
D:13:     erik_vaults_1, serial_shops, shop, einodemon_crawler_minivault
D:14:     hangedman_decor_growths
Temple:   jpeg_temple_clearing
Lair:1:   lemuel_centaur_altar, infiniplex_staircase_pool_2
Lair:2:   cheibrodos_lair_reptile_den
Lair:3:   swamp_mist, guppyfry_snake_entry_garden, grunt_megastairs_1
Lair:4:   lab_entry_generic
Lair:5:   st_stairs_9
Lair:6:   evilmike_catoblepas_cave, nicolae_slime_entry_slimehenge
Swamp:1:  hangedman_swamp_pad
Swamp:2:  serial_swamp_ruin, evilmike_swamp_ruin_house_1,
          evilmike_swamp_ruin_house_5, hangedman_swamp_ruin_wall, swamp_pool2,
          hangedman_swamp_wriggling
Swamp:3:  evilmike_swamp_ruin_house_3
Swamp:4:  swamp_basic_johnstein
Orc:1:    serial_shops, shop, nicolae_shop_stone
Orc:2:    st_orc_open, basic_altar, guppyfry_library_mini, uniq_nessos
Lab:      nicolae_lab_flowing_pool, nicolae_lab_lava, nicolae_lab_t_cross,
          lab_statue, nicolae_lab_big_swirl
Bailey:   bailey_polearm_5, bailey

Skill      XL: |  1  2  3  4  5  6  7  8  9 10 11 12 13 14 15 |
---------------+----------------------------------------------+-----
Axes           | 4 5 6 7 8 10 11 12 14 15 16 | 16.8
Fighting       | 4 5 6 7 8 9 13 14 | 14.6
Armour         | 3 4 5 6 7 9 10 | 10.6
Dodging        | 5 7 |  7.4

Action                   |  1- 3 |  4- 6 |  7- 9 | 10-12 | 13-15 || total
-------------------------+-------+-------+-------+-------+-------++-------
Melee: Hand axe          |    25 |    38 |   175 |   795 |   221 ||  1254
       Battleaxe         |       |       |       |       |   423 ||   423
       Great mace        |       |       |       |       |    17 ||    17
       Glaive            |       |       |       |       |    11 ||    11
Throw: Javelin           |       |       |       |     2 |     3 ||     5
Invok: Berserk           |     2 |     5 |     8 |    13 |    18 ||    46
       Trog's Hand       |       |     1 |     2 |     6 |     7 ||    16
       Brothers in Arms  |       |       |       |       |     5 ||     5
       Burn Spellbooks   |       |       |       |       |     1 ||     1
Evoke: Wand              |       |       |       |     7 |     1 ||     8
       Phial of floods   |       |       |       |       |     1 ||     1
  Use: Scroll            |       |     4 |     8 |     9 |    29 ||    50
       Potion            |       |       |       |     8 |     8 ||    16
 Stab: Sleeping          |     1 |       |       |       |       ||     1
  Eat: Chunk             |       |     5 |    12 |    28 |    26 ||    71
       Beef jerky        |       |       |     1 |     1 |       ||     2
       Bread ration      |       |       |       |     1 |       ||     1
       Royal jelly       |       |       |       |       |     2 ||     2
       Fruit             |       |       |       |       |    10 ||    10
Armor: Animal skin       |     3 |       |       |       |       ||     3
       Scale mail        |     5 |    16 |    43 |       |       ||    64
       Chain mail        |       |       |    27 |    45 |       ||    72
       Plate armour      |       |       |       |   469 |   520 ||   989
       Crystal plate arm |       |       |       |    13 |       ||    13
Dodge: Dodged            |    15 |    22 |    96 |   265 |   327 ||   725
Block: Buckler           |       |       |       |    96 |    29 ||   125
